 Dungeon Crawl Stone Soup version 0.22.1-1-ga44c0e5 (webtiles) character file.

13019 Zephyr the Carver (level 11, -6/89 HPs)
             Began as a Demonspawn Gladiator on Nov 1, 2018.
             Was a High Priest of Okawaru.
             Killed from afar by a gargoyle (28 damage)
             ... with a stone arrow
             ... on level 12 of the Dungeon.
             The game lasted 00:58:17 (12964 turns).

Zephyr the Carver (Demonspawn Gladiator)           Turns: 12964, Time: 00:58:17

Health: -6/89      AC:  9    Str: 22    XL:     11   Next: 70%
Magic:  12/12      EV: 24    Int:  9    God:    Okawaru [*****.]
Gold:   617        SH:  4    Dex: 21    Spells: 10/10 levels left

rFire    . . .     SeeInvis .   P - +4 long sword
rCold    . . .     Gourm    .   (no shield)
rNeg     . . .     Faith    .   l - +2 troll leather armour
rPois    .         Spirit   .   c - +0 helmet
rElec    .         Reflect  .   (no cloak)
rCorr    +         Harm     .   (gloves unavailable)
MR       .....                  L - +1 pair of boots
Stlth    +++.......             i - amulet of rage
HPRegen  0.64/turn              r - ring of resist corrosion
MPRegen  0.13/turn              (no ring)

@: mighty, agile
A: claws 3, large bone plates 1, powered by pain 3, spiny 1
a: Heroism, Finesse, Renounce Religion, Evoke Berserk Rage


You were on level 12 of the Dungeon.
You worshipped Okawaru.
Okawaru was extremely pleased with you.
You were not hungry.

You visited 2 branches of the dungeon, and saw 13 of its levels.

You collected 617 gold pieces.

Inventory:

Hand Weapons
 B - a +1 halberd of venom
 J - a +2 falchion of flaming
 P - a +4 long sword (weapon)
Missiles
 d - 4 throwing nets
 q - 5 javelins
 s - 22 tomahawks
 A - 3 javelins of penetration
 M - 6 javelins of returning (quivered)
Armour
 c - a +0 helmet (worn)
 l - a +2 troll leather armour (worn)
 L - a +1 pair of boots (worn)
Jewellery
 i - an amulet of rage (around neck)
 r - a ring of resist corrosion (left claw)
 H - an uncursed amulet of the acrobat {unknown}
Wands
 z - a wand of random effects (42)
 G - a wand of acid (3)
Scrolls
 e - 4 scrolls of teleportation
 g - a scroll of random uselessness
 h - 3 scrolls of blinking
 j - a scroll of fear
 k - a scroll of acquirement {unknown}
 m - 3 scrolls of remove curse
 o - a scroll of fog
 u - a scroll of enchant weapon
 x - 3 scrolls of amnesia
 y - 2 scrolls of magic mapping
 D - a scroll of immolation {unknown}
 F - a scroll of holy word {unknown}
Potions
 a - 3 potions of flight
 t - 2 potions of mutation
 v - a potion of cancellation
 w - 2 potions of curing
 C - a potion of lignification
Miscellaneous
 K - a phial of floods
Comestibles
 b - 11 chunks of flesh
 f - 22 rations


   Skills:
 + Level 9.1 Fighting
 + Level 12.5 Long Blades
 + Level 4.6 Throwing
 + Level 8.1 Dodging
 + Level 0.1 Invocations
 + Level 2.1 Evocations


You had 10 spell levels left.
You didn't know any spells.
Your spell library contained the following spells:

 Spells                   Type           Power        Failure   Level  Hunger
 Animate Skeleton         Necr           N/A          43%         1    ##.....
 Apportation              Tloc           #.....       43%         1    ##.....
 Confusing Touch          Hex            #.....       43%         1    ##.....
 Magic Dart               Conj           #...         43%         1    ##.....
 Sting                    Conj/Pois      #...         43%         1    ##.....
 Summon Small Mammal      Summ           #...         43%         1    ##.....
 Blink                    Tloc           N/A          56%         2    ###....
 Call Imp                 Summ           #.......     56%         2    ###....
 Poisonous Vapours        Pois/Air       #.....       56%         2    ###....
 Slow                     Hex            #.......     56%         2    ###....
 Call Canine Familiar     Summ           #.......     80%         3    ####...
 Conjure Flame            Conj/Fire      #.......     80%         3    ####...
 Mephitic Cloud           Conj/Pois/Air  #.......     80%         3    ####...
 Summon Guardian Golem    Hex/Summ       #.......     80%         3    ####...
 Olgreb's Toxic Radiance  Pois           #.......     99%         4    #####..
 Summon Ice Beast         Ice/Summ       #.......     99%         4    #####..
 Summon Lightning Spire   Summ/Air       #.......     99%         4    #####..
 Venom Bolt               Conj/Pois      #.........   100%        5    ######.
 Freezing Cloud           Conj/Ice/Air   #.........   100%        6    #######
 Ring of Flames           Chrm/Fire      #.........   100%        7    #######


Dungeon Overview and Level Annotations

Branches:
Dungeon (12/15)            Temple (1/1) D:6            Lair (0/6) D:8
    Orc (0/2) D:10

Altars:
Ashenzari
Cheibriados
Dithmenos
Elyvilon
Fedhas
Gozag
Hepliaklqana
Kikubaaqudgha
Makhleb
Nemelex Xobeh
Okawaru
Qazlal
Ru
Sif Muna
Trog
Uskayaw
Vehumet
Wu Jian
Xom
Yredelemnul
Zin
The Shining One

Shops:
D:10 :

Annotations:
D:8 Psyche


Innate Abilities, Weirdness & Mutations

You have claws for hands.
You are partially covered in large bone plates. (SH +4)
You are powered by pain.
You are partially covered in sharp spines.


Message History

The orc warrior is severely wounded.
The orc warrior is struck by your spines.
The orc warrior hits you with a trident!!
You focus on the pain.
You feel agile all of a sudden.
You slash the orc warrior!
You kill the orc warrior!
Okawaru accepts your kill.
You see here a club.
Things that are here:
a dagger; a leather armour; a potion of haste A gargoyle comes into view.
It is wielding a dire flail.
The gargoyle hurls a stone arrow at you.
The stone arrow hits you!
The gargoyle hurls a stone arrow at you.
The stone arrow hits you!
* * * LOW HITPOINT WARNING * * *
The gargoyle hurls a stone arrow at you.
The stone arrow hits you!
You die...

## .# #### ####.##
..# ####)....#
#.###.YYY....#
######.##@.##)....#
#.>.....#.###.Y)).#
###.......9.#
#.)...####
..........###
#.Y......#
#.......#
#..Y)..##...
#####.### #.##.###
## #.# ≈.. ≈≈≈ #.#
##'' ##≈> ##.# ...
≈.


You could see 2 yaks, a gargoyle and an ice beast.

Vanquished Creatures
  2 hydras
  Erica (D:11)
  Pikel (D:4)
  2 ugly things (D:11)
  A manticore (D:11)
  A centaur zombie (D:11)
  A cyclops (D:11)
  A gargoyle (D:12)
  4 trolls
  A hornet (D:10)
  2 dream sheep (D:10)
  Grinder (D:5)
  2 hippogriffs
  Sigmund (D:6)
  2 wraiths
  8 yaks
  3 vampire mosquitoes (D:12)
  A water moccasin (D:10)
  An acid dragon (D:12)
  4 orc warriors
  2 phantoms
  3 ice beasts
  2 black bears
  A necrophage (D:8)
  A slave (D:3)
  2 ogres
  2 centaurs
  8 big kobolds
  A crocodile (D:12)
  3 bullfrogs
  3 scorpions
  2 oklob saplings (D:10)
  3 howler monkeys
  3 jellies
  8 wights
  A bullfrog zombie (D:5)
  3 crimson imps
  4 orc priests
  Crazy Yiuf (D:4)
  5 hounds
  A bullfrog skeleton (D:10)
  3 iguanas
  4 orc wizards
  A centaur skeleton (D:10)
  8 worker ants
  3 hound zombies
  A worker ant zombie (D:9)
  7 gnolls
  A howler monkey skeleton (D:10)
  14 adders
  A shadow imp (D:10)
  2 adder zombies
  2 worms
  3 dart slugs
  3 leopard geckos
  27 orcs
  5 giant cockroaches
  3 goblins
  6 hobgoblins
  9 jackals
  2 quokkas
  9 ball pythons
  A ball python skeleton (D:5)
  6 bats
  4 frilled lizards
  31 kobolds
  A leopard gecko skeleton (D:5)
  6 rats
262 creatures vanquished.

Notes
Turn   | Place    | Note
-------+----------+-------------------------------------------
     0 | D:1      | Zephyr the Demonspawn Gladiator began the quest for the
                  | Orb.
     0 | D:1      | Reached XP level 1. HP: 16/16 MP: 1/1
   509 | D:1      | Gained mutation: You are partially covered in sharp spines.
                  | [demonic ancestry]
   509 | D:1      | Reached XP level 2. HP: 16/22 MP: 2/2
   670 | D:1      | Reached skill level 3 in Long Blades
  1478 | D:2      | Gained mutation: You sometimes gain a little power by
                  | taking damage. [demonic ancestry]
  1478 | D:2      | Reached XP level 3. HP: 25/27 MP: 3/3
  1745 | D:2      | Gained mutation: You sometimes gain power by taking damage.
                  | [demonic ancestry]
  1745 | D:2      | Reached XP level 4. HP: 34/34 MP: 4/4
  2064 | D:2      | Reached skill level 4 in Long Blades
  2346 | D:3      | Gained mutation: You have sharp fingernails. [demonic
                  | ancestry]
  2346 | D:3      | Reached XP level 5. HP: 40/40 MP: 5/5
  2889 | D:3      | Found a glowing golden altar of the Shining One.
  3085 | D:4      | Gained mutation: You are partially covered in large bone
                  | plates. (SH +4) [demonic ancestry]
  3085 | D:4      | Reached XP level 6. HP: 5/47 MP: 6/6
  3087 | D:4      | HP: 1/47 [poisoned by a scorpion]
  3361 | D:4      | Reached skill level 5 in Long Blades
  3377 | D:4      | Noticed Pikel
  3378 | D:4      | Noticed a slave
  3378 | D:4      | Noticed a slave
  3380 | D:4      | Noticed a slave
  3382 | D:4      | Noticed a slave
  3457 | D:3      | Killed a slave
  3457 | D:3      | HP: 2/47 [slave[Pikel] (7)]
  3757 | D:4      | Killed Pikel
  3757 | D:4      | Reached skill level 6 in Long Blades
  3757 | D:4      | Reached XP level 7. HP: 43/54 MP: 7/7
  4019 | D:4      | Found a runed door.
  4023 | D:4      | Noticed Crazy Yiuf
  4032 | D:4      | Killed Crazy Yiuf
  4148 | D:5      | Entered Level 5 of the Dungeon
  4432 | D:5      | Noticed Grinder
  4443 | D:5      | Paralysed by Grinder for 6 turns
  4454 | D:5      | Killed Grinder
  4454 | D:5      | Reached skill level 7 in Long Blades
  4454 | D:5      | Gained mutation: You are powered by pain. [demonic
                  | ancestry]
  4454 | D:5      | Reached XP level 8. HP: 26/61 MP: 8/8
  5091 | D:6      | Found a staircase to the Ecumenical Temple.
  5105 | Temple   | Entered the Ecumenical Temple
  5192 | Temple   | Became a worshipper of Warmaster Okawaru
  5344 | D:6      | Noticed Sigmund
  5360 | D:6      | Killed Sigmund
  5369 | D:6      | Reached skill level 5 in Dodging
  5410 | D:6      | Found a stormy altar of Qazlal.
  5515 | D:6      | Reached skill level 5 in Fighting
  5515 | D:6      | Reached skill level 8 in Long Blades
  6523 | D:7      | Reached * piety under Okawaru
  7107 | D:8      | Gained mutation: You have very sharp fingernails. [demonic
                  | ancestry]
  7107 | D:8      | Reached XP level 9. HP: 59/68 MP: 9/9
  7205 | D:8      | Found a staircase to the Lair.
  7256 | D:8      | Reached skill level 9 in Long Blades
  7511 | D:8      | Noticed Psyche
  7819 | D:9      | Reached skill level 1 in Evocations
  7823 | D:9      | Reached ** piety under Okawaru
  7999 | D:9      | Found a radiant altar of Vehumet.
  8085 | D:9      | Reached skill level 10 in Long Blades
  9024 | D:10     | Entered Level 10 of the Dungeon
  9052 | D:9      | Reached XP level 10. HP: 25/76 MP: 10/10
  9335 | D:10     | Found Naka Fosm's Book Emporium.
  9542 | D:10     | Reached *** piety under Okawaru
  9562 | D:10     | Reached skill level 11 in Long Blades
  9853 | D:10     | Noticed a three-headed hydra
  9863 | D:10     | Killed a one-headed hydra
  9863 | D:10     | Reached **** piety under Okawaru
 10021 | D:10     | Found a staircase to the Orcish Mines.
 10183 | D:10     | Paralysed by a hornet for 2 turns
 10438 | D:10     | Found a blossoming altar of Fedhas.
 10933 | D:11     | Noticed a cyclops
 10937 | D:11     | Killed a cyclops
 11022 | D:11     | Noticed a purple ugly thing
 11057 | D:11     | Killed a purple ugly thing
 11302 | D:11     | Noticed a manticore
 11308 | D:11     | Killed a manticore
 11308 | D:11     | Received a gift from Okawaru
 11308 | D:11     | Reached skill level 12 in Long Blades
 11308 | D:11     | Gained mutation: You have claws for hands. [demonic
                  | ancestry]
 11308 | D:11     | Reached XP level 11. HP: 86/86 MP: 12/12
 11451 | D:11     | Noticed Erica
 11473 | D:11     | Killed Erica
 11473 | D:11     | Reached ***** piety under Okawaru
 11473 | D:11     | Received a gift from Okawaru
 11761 | D:11     | Noticed a green ugly thing
 11775 | D:11     | Killed a green ugly thing
 12688 | D:12     | Noticed a five-headed hydra
 12702 | D:12     | Killed a one-headed hydra
 12964 | D:12     | Killed from afar by a gargoyle

Skill      XL: |  1  2  3  4  5  6  7  8  9 10 11 |
---------------+----------------------------------+-----
Long Blades    | 3 4 6 7 8 10 12 | 12.5
Dodging        | 3 4 5 6 7 8 |  8.1
Fighting       | 3 4 5 6 8 9 |  9.1
Evocations     | 1 2 |  2.1
Throwing       | 2 4 |  4.6
Invocations    | |  0.1

Action                   |  1- 3 |  4- 6 |  7- 9 | 10-12 || total
-------------------------+-------+-------+-------+-------++-------
Melee: Long sword        |    67 |    74 |       |   134 ||   275
       Dagger            |     2 |    21 |       |       ||    23
       Falchion          |       |     9 |   319 |   211 ||   539
Throw: Tomahawk          |       |       |     1 |    10 ||    11
       Throwing net      |       |       |       |     3 ||     3
       Javelin           |       |       |       |    41 ||    41
Invok: Heroism           |       |       |       |     1 ||     1
 Abil: Evoke Berserk Rag |       |       |     2 |     1 ||     3
Evoke: Wand              |       |       |       |     8 ||     8
  Use: Potion            |       |     4 |       |     4 ||     8
       Scroll            |       |       |    13 |     4 ||    17
 Stab: Sleeping          |     1 |       |     2 |       ||     3
  Eat: Chunk             |     3 |     6 |    12 |    10 ||    31
       Ration            |       |       |     2 |     1 ||     3
Armor: Leather armour    |    24 |    11 |    36 |    39 ||   110
       Troll leather arm |       |       |       |    10 ||    10
Dodge: Dodged            |    57 |    83 |   144 |   184 ||   468
Block: Other             |       |     6 |    50 |    49 ||   105
       Rpst.: Long sword |    18 |    22 |       |    20 ||    60
       Falchion          |       |     5 |    37 |    29 ||    71
